[Event "World Junior Chess Championship-2014(Ope"]
[Site "Pune,India"]
[Date "2014.10.12"]
[Round "7"]
[White "Indjic, Aleksandar"]
[Black "Csonka, Balazs"]
[Result "1/2-1/2"]
[ECO "D43"]
[WhiteElo "2554"]
[BlackElo "2409"]
[Annotator "Doe,John"]
[PlyCount "229"]
[EventDate "2014.??.??"]
[TimeControl "6000+1230"]
[WhiteClock "0:10:44"]
[BlackClock "0:04:08"]

1. d4 d5 2. c4 c6 3. Nf3 Nf6 4. Nc3 e6 5. Bg5 h6 6. Bxf6 Qxf6 7. Qb3 Nd7 8. e4
dxe4 9. Nxe4 Qf4 10. Bd3 e5 11. O-O Be7 12. Rfe1 exd4 13. Bc2 O-O 14. Qd3 f5
15. Ng3 Nc5 16. Qa3 Qc7 17. Nxd4 Ne4 18. Qd3 Nxg3 19. hxg3 Bc5 20. Nb3 Bb4 21.
Re2 Rd8 22. Qf3 Qf7 23. c5 Be6 24. a3 Bd5 25. Qxf5 Qxf5 26. Bxf5 Bxb3 27. axb4
Kf8 28. Ra3 Bc4 29. Re5 Rd1+ 30. Kh2 Rd5 31. Rxd5 Bxd5 32. Bg6 Ke7 33. Re3+ Kf6
34. Bc2 Rd8 35. f3 Bf7 36. Be4 a6 37. Ra3 Bg6 38. Bxc6 bxc6 39. Rxa6 Be8 40. b5
Ke6 41. bxc6 Rc8 42. b4 Kd5 43. Ra7 Kc4 44. Rxg7 Kxb4 45. c7 h5 46. Kh3 Kxc5
47. g4 hxg4+ 48. Kxg4 Kd6 49. Kg5 Bd7 50. g4 Rxc7 51. f4 Rc8 52. f5 Rf8 53. Kg6
Be8+ 54. Kh6 Ke5 55. Kg5 Bf7 56. f6 Ke6 57. Kh6 Kxf6 58. g5+ Kf5 59. g6 Be6 60.
Ra7 Rh8+ 61. Rh7 Ra8 62. Rc7 Kf6 63. Kh7 Ra1 64. Kh8 Ra8+ 65. Kh7 Bg8+ 66. Kh6
Ra3 67. Rc5 Rh3+ 68. Rh5 Rg3 69. Rh2 Rxg6+ 70. Kh5 Be6 71. Rf2+ Bf5 72. Kh4 Ke5
73. Re2+ Be4 74. Rf2 Rg1 75. Kh3 Bd5 76. Kh2 Rg7 77. Kh3 Be6+ 78. Kh2 Bf5 79.
Re2+ Kf4 80. Rf2+ Ke4 81. Rg2 Bg4 82. Kg1 Ke3 83. Kh2 Kf3 84. Kg1 Rb7 85. Rf2+
Ke3 86. Rg2 Bf3 87. Ra2 Rh7 88. Ra3+ Kf4 89. Kf2 Rh2+ 90. Ke1 Re2+ 91. Kf1 Rd2
92. Ke1 Re2+ 93. Kf1 Kg3 94. Ra7 Re5 95. Rg7+ Bg4 96. Rg8 Rd5 97. Re8 Rd7 98.
Re3+ Bf3 99. Re8 Rd1+ 100. Re1 Rd2 101. Re8 Rd5 102. Re7 Bg4 103. Re3+ Kf4 104.
Re8 Bf3 105. Kf2 Rd2+ 106. Ke1 Rh2 107. Rb8 Be4 108. Rb3 Bc2 109. Rc3 Ke4 110.
Rg3 Bd3 111. Kd1 Rf2 112. Ke1 Re2+ 113. Kf1 Re3+ 114. Kg2 Rxg3+ 115. Kxg3
1/2-1/2

[Event "World Junior Chess Championship-2014(Ope"]
[Site "Pune,India"]
[Date "2014.10.12"]
[Round "7"]
[White "Dragun, Kamil"]
[Black "Bersamina, Paulo"]
[Result "1/2-1/2"]
[ECO "E33"]
[WhiteElo "2546"]
[BlackElo "2380"]
[Annotator "Doe,John"]
[PlyCount "69"]
[EventDate "2014.??.??"]
[TimeControl "6000+1615"]
[WhiteClock "0:06:20"]
[BlackClock "0:34:01"]

1. d4 Nf6 2. c4 Nc6 3. Nf3 e6 4. Nc3 Bb4 5. Qc2 d6 6. Bd2 Qe7 7. a3 Bxc3 8.
Bxc3 a5 9. g3 e5 10. d5 Nb8 11. Bg2 a4 12. O-O Nbd7 13. Nh4 Nc5 14. Rae1 O-O
15. e4 Ng4 16. f4 f6 17. Nf5 Bxf5 18. exf5 Nd7 19. h4 Nh6 20. Bf3 Qd8 21. Bh5
Nf7 22. Kh2 Kh8 23. Re3 Qb8 24. g4 exf4 25. Rxf4 Nfe5 26. g5 b6 27. Qe2 Qd8 28.
Rg3 Qe7 29. Rf1 Nc5 30. Bd2 Rg8 31. Bf4 Raf8 32. Re3 fxg5 33. Bxg5 Rf6 34. Bg6
Qf8 35. h5 1/2-1/2

[Event "World Junior Chess Championship-2014(Ope"]
[Site "Pune,India"]
[Date "2014.10.12"]
[Round "7"]
[White "Johansson, Linus"]
[Black "Abasov, Nijat"]
[Result "1-0"]
[ECO "E58"]
[WhiteElo "2401"]
[BlackElo "2528"]
[Annotator "Doe,John"]
[PlyCount "117"]
[EventDate "2014.??.??"]
[TimeControl "6000+1125"]
[WhiteClock "0:21:17"]
[BlackClock "0:25:46"]

1. d4 Nf6 2. c4 e6 3. Nf3 d5 4. Nc3 Bb4 5. e3 O-O 6. Bd3 c5 7. O-O Nc6 8. a3
Bxc3 9. bxc3 Qc7 10. cxd5 exd5 11. h3 c4 12. Bb1 Re8 13. Nd2 b5 14. Re1 Bb7 15.
e4 dxe4 16. Nxe4 Nxe4 17. Bxe4 Na5 18. d5 Nb3 19. Ra2 Nxc1 20. Qxc1 Qd6 21.
Rae2 g6 22. Qb2 Qd7 23. Qb4 Rac8 24. Bf3 Bxd5 25. Rxe8+ Rxe8 26. Rd1 Re5 27.
Qa5 Qe7 28. Rxd5 Rxd5 29. Bxd5 Qe1+ 30. Kh2 Qe5+ 31. Kg1 Qxd5 32. Qxa7 Qd1+ 33.
Kh2 Qd6+ 34. Kg1 h5 35. h4 Qe5 36. Qe3 Qxe3 37. fxe3 Kg7 38. Kf2 Kf6 39. e4 Ke6
40. Ke3 Ke5 41. Kf3 f6 42. Ke3 Ke6 43. Kd4 Kd6 44. a4 bxa4 45. Kxc4 g5 46. Kb4
Ke5 47. Kxa4 gxh4 48. c4 Kf4 49. c5 Kg3 50. c6 Kxg2 51. c7 h3 52. c8=Q h2 53.
e5 fxe5 54. Qg8+ Kf2 55. Qf7+ Kg2 56. Qg6+ Kf2 57. Qxh5 Kg2 58. Qg4+ Kf2 59.
Qh3 1-0

[Event "World Junior Chess Championship-2014(Ope"]
[Site "Pune,India"]
[Date "2014.10.12"]
[Round "7"]
[White "Harsha, Bharathakoti"]
[Black "Ghosh, Diptayan"]
[Result "0-1"]
[ECO "D90"]
[WhiteElo "2297"]
[BlackElo "2508"]
[Annotator "Doe,John"]
[PlyCount "62"]
[EventDate "2014.??.??"]
[TimeControl "6000+1055"]
[WhiteClock "0:04:56"]
[BlackClock "0:09:23"]

1. Nf3 Nf6 2. c4 g6 3. d4 Bg7 4. e3 O-O 5. Be2 d5 6. cxd5 Nxd5 7. e4 Nb6 8. Nc3
Bg4 9. Be3 Bxf3 10. Bxf3 c5 11. d5 Nc4 12. Bc1 Nd7 13. Be2 Nd6 14. Qc2 f5 15.
exf5 Nxf5 16. O-O Nd4 17. Qd1 Nb6 18. Be3 Kh8 19. Nb5 Nxd5 20. Bxd4 cxd4 21.
Nxd4 Nf4 22. Nf3 Qb6 23. Bc4 Qxb2 24. Rb1 Qc3 25. Rc1 Qf6 26. Qb3 b6 27. g3
Rac8 28. Qe3 Bh6 29. Qe5 Nh3+ 30. Kg2 Bxc1 31. Rxc1 b5 0-1

[Event "World Junior Chess Championship-2014(Ope"]
[Site "Pune,India"]
[Date "2014.10.12"]
[Round "7"]
[White "Yogit, S."]
[Black "Ducarmon, Quinten"]
[Result "0-1"]
[ECO "B19"]
[WhiteElo "1954"]
[BlackElo "2487"]
[Annotator "Doe,John"]
[PlyCount "94"]
[EventDate "2014.??.??"]
[TimeControl "6000+1020"]
[WhiteClock "0:29:46"]
[BlackClock "0:33:12"]

1. e4 c6 2. d4 d5 3. Nc3 dxe4 4. Nxe4 Bf5 5. Ng3 Bg6 6. h4 h6 7. Nf3 e6 8. h5
Bh7 9. Bd3 Bxd3 10. Qxd3 Nf6 11. Bf4 Qa5+ 12. Bd2 Bb4 13. c3 Be7 14. Ne4 Nbd7
15. Nxf6+ Bxf6 16. c4 Qa6 17. O-O O-O 18. Qc2 Rad8 19. Bf4 Qa5 20. c5 b6 21.
Bc7 Rc8 22. cxb6 Nxb6 23. Bd6 Rfd8 24. Bc5 Rd5 25. Qe2 Nd7 26. b4 Qa4 27. Rac1
Nxc5 28. bxc5 Rxh5 29. Rc4 Qa6 30. Rb1 Rd5 31. Qc2 Qa5 32. Rb7 Qd8 33. Ra4 Bxd4
34. Nxd4 Rxd4 35. Rbxa7 Rd1+ 36. Kh2 Rd2 37. Qe4 Rxf2 38. Qd4 Rf5 39. Rd7 Qg5
40. Raa7 Rb8 41. Qe4 Rf4 42. Qd3 Rh4+ 43. Kg1 Qxc5+ 44. Kf1 Rh1+ 45. Ke2 Rb2+
46. Kf3 Qf2+ 47. Kg4 Rh4# 0-1

[Event "World Junior Chess Championship-2014(Ope"]
[Site "Pune,India"]
[Date "2014.10.12"]
[Round "7"]
[White "Aravindh, Chithambaram Vr"]
[Black "Arat, Ufuk Sezen"]
[Result "1-0"]
[ECO "B12"]
[WhiteElo "2485"]
[BlackElo "2357"]
[Annotator "Doe,John"]
[PlyCount "143"]
[EventDate "2014.??.??"]
[TimeControl "6000+1030"]
[WhiteClock "0:01:57"]
[BlackClock "0:01:14"]

1. e4 c6 2. d4 d5 3. e5 c5 4. dxc5 Nc6 5. Nf3 e6 6. a3 a5 7. Be3 Nge7 8. Bd3
Ng6 9. Bb5 Qc7 10. c4 dxc4 11. Nbd2 Bd7 12. Nxc4 Ngxe5 13. Nfxe5 Nxe5 14. Bxd7+
Nxd7 15. O-O Bxc5 16. Bxc5 Nxc5 17. b4 axb4 18. axb4 Na6 19. Qa4+ Ke7 20. Rac1
Rac8 21. Qa1 f6 22. Rfe1 Rhd8 23. Ne3 Qd7 24. Rxc8 Rxc8 25. Qb1 g6 26. Qe4 Kf7
27. h4 Qe7 28. Nd5 Qd6 29. Nf4 e5 30. Qxb7+ Rc7 31. Qd5+ Qxd5 32. Nxd5 Rd7 33.
Ra1 Rxd5 34. Rxa6 Rb5 35. Ra7+ Kg8 36. Ra4 h5 37. Kf1 Kf7 38. Ke2 Rd5 39. Ra3
Ke6 40. Rb3 Rb5 41. Kd3 Kd5 42. Rb1 g5 43. hxg5 fxg5 44. Ke3 g4 45. g3 Kc4 46.
Ke4 Kc3 47. Ke3 Kc4 48. Rc1+ Kd5 49. Rd1+ Kc4 50. Ke4 Kc3 51. Rc1+ Kd2 52. Rc4
Ke2 53. Rc2+ Kd1 54. Rc4 Kd2 55. f3 gxf3 56. Kxf3 Kd3 57. Re4 Kc3 58. Rh4 Rxb4
59. Rxh5 e4+ 60. Ke3 Rb8 61. g4 Re8 62. Rf5 Kc4 63. g5 Re6 64. Ra5 Kb4 65. Rd5
Kc4 66. Rf5 Kb4 67. Rf6 Re8 68. Rc6 Rg8 69. g6 Kb5 70. Re6 Kc5 71. Kxe4 Ra8 72.
g7 1-0

[Event "World Junior Chess Championship-2014(Ope"]
[Site "Pune,India"]
[Date "2014.10.12"]
[Round "7"]
[White "Ankit, R. Rajpara"]
[Black "K., Praneeth Surya"]
[Result "1-0"]
[ECO "E61"]
[WhiteElo "2508"]
[BlackElo "2251"]
[Annotator "Doe,John"]
[PlyCount "84"]
[EventDate "2014.??.??"]
[TimeControl "6000+1840"]
[WhiteClock "0:16:08"]
[BlackClock "0:01:35"]

1. d4 Nf6 2. c4 g6 3. Nc3 Bg7 4. Nf3 O-O 5. Bg5 c5 6. d5 d6 7. e3 h6 8. Bh4 g5
9. Bg3 Nh5 10. Bd3 f5 11. Nd2 Nxg3 12. hxg3 e6 13. Be2 Nd7 14. dxe6 Ne5 15. Nf3
Nc6 16. Qd2 Bxe6 17. Rd1 Bf7 18. a3 a6 19. Qxd6 Qxd6 20. Rxd6 Rad8 21. Rxd8
Rxd8 22. Nd2 Bxc3 23. bxc3 Kg7 24. Kd1 Re8 25. Re1 Ne5 26. Kc2 Bg6 27. f4 Nc6
28. Bf3 Na5 29. Bd5 Re7 30. Nf3 gxf4 31. gxf4 Be8 32. Ne5 Nc6 33. Nd3 b6 34.
Rb1 b5 35. cxb5 axb5 36. Nxc5 Rxe3 37. Kd2 Rg3 38. Re1 Kf8 39. Ne6+ Ke7 40.
Nd4+ Kd6 41. Bxc6 Bxc6 42. Nxf5+ Kd5 1-0

[Event "World Junior Chess Championship-2014(Ope"]
[Site "Pune,India"]
[Date "2014.10.12"]
[Round "7"]
[White "Beradze, Irakli"]
[Black "Vidit, Santosh Gujrathi"]
[Result "1/2-1/2"]
[ECO "A04"]
[WhiteElo "2318"]
[BlackElo "2635"]
[Annotator "Doe,John"]
[PlyCount "73"]
[EventDate "2014.??.??"]
[TimeControl "6000+1365"]
[WhiteClock "0:11:18"]
[BlackClock "0:03:56"]

1. Nf3 c5 2. g3 Nc6 3. Bg2 e5 4. d3 g6 5. O-O Bg7 6. e4 Nge7 7. a3 d6 8. Nbd2
O-O 9. Re1 h6 10. Nf1 f5 11. exf5 Nxf5 12. Ne3 Qf6 13. c3 Kh8 14. h3 g5 15. Qa4
Be6 16. Rf1 Rab8 17. b4 b5 18. Qd1 cxb4 19. axb4 Nxe3 20. Bxe3 Bd5 21. Nd2 Bxg2
22. Kxg2 Qg6 23. Ra6 Qxd3 24. Qg4 Ne7 25. Ne4 Nf5 26. Bxa7 d5 27. Nd6 Ra8 28.
Rd1 Qc2 29. Nxf5 Rxf5 30. Rd2 Qxd2 31. Qxf5 Rf8 32. Be3 Qxc3 33. Qg6 Qxb4 34.
Ra7 Qe4+ 35. Qxe4 dxe4 36. Rb7 Rc8 37. Rxb5 1/2-1/2